Cogmind - Beta 12 @@@ ROGUE MODE // 2023.05.20 @ 19:13:35 Player: Plexion Result: Self-destructed Performance ------------- Evolutions (2) 1000 Regions Visited (7) 1400 Robots Destroyed (98) 490 Value Destroyed (2141) 2141 Prototype IDs (33) 660 Alien Tech Used (0) 0 Bonus (306) 306 TOTAL SCORE: 5997 Bonus ------- High Alert Combat Kills 19 Aligned with FarCom 300 Friendly Fire -13 Cogmind --------- Core Integrity 550/550 Matter 279/300 Energy 309/310 System Corruption 0% Temperature Cool (0) Movement Treading (240) Ox1 Location -8/Materials Parts ------- > --- POWER (1) -------- Reinforced Fission Core > --- PROPULSION (4) --- Light Treads Light Treads Light Treads Light Treads > --- UTILITY (4) ------ Huge Storage Unit Experimental Targeting Computer Light Armor Plating > --- WEAPON (2) ------- Heavy Assault Rifle Grenade Launcher > --- INVENTORY (25) --- Light Treads Light Treads High-capacity Storage Unit Machine Analyzer Experimental Sensor Array Improved Armor Integrity Analyzer Cloak of Protection Light Armor Plating Light Armor Plating Light Armor Plating Hacking Suite Advanced Component Analysis Suite Advanced Recalibrator AS-neutralizer No. 17b AWS/Thermal Firepult Assault Rifle Assault Rifle Heavy Assault Rifle 8R-AWN's Boregun Rocket Launcher Deploy-a-Sentry Peak State ------------ > --- POWER ------------ Reinforced Fission Core > --- PROPULSION ------- Light Treads Advanced Myomer Leg Advanced Myomer Leg > --- UTILITY ---------- Huge Storage Unit Experimental Targeting Computer Light Armor Plating > --- WEAPON ----------- Heavy Assault Rifle 8R-AWN's Boregun > --- INVENTORY -------- Cooled Ion Engine Compact Wheel Experimental Heat Sink High-capacity Storage Unit Gravity Neutralizer Cloak of Protection Light Armor Plating Light Armor Plating Light Armor Plating AS-neutralizer No. 17b Assault Rifle Assault Rifle Heavy Assault Rifle Grenade Launcher Rocket Launcher [Rating: 47] Favorites ----------- Power Cooled Ion Engine Engine Cooled Ion Engine Power Core Reinforced Fission Core Propulsion Light Treads Treads Light Treads Leg Advanced Myomer Leg Wheel Compact Wheel Flight Unit Improved Flight Unit Utility Light Armor Plating Device Structural Scanner Storage Huge Storage Unit Processor Salvage Targeting Computer Protection Light Armor Plating Weapon Heavy Assault Rifle Energy Gun Medium Laser Ballistic Gun Heavy Assault Rifle Launcher Grenade Launcher Special Weapon Plasma Cutter Impact Weapon Hammer Build | -11 -10 -10 -9 -9 -9 -8 -8 ------- Run | Jun Mat Min Mat Min Exi Min Mat Slots Evolved 4 | . . . 2 . . . 2 Power . | . . . . . . . . Propulsion 2 | . . . 1 . . . 1 Utility 2 | . . . 1 . . . 1 Weapon . | . . . . . . . . Parts Attached 104 | 7 13 7 41 . 33 2 1 Power 8 | 1 2 . 3 . 2 . . Engine 6 | 1 2 . 2 . 1 . . Core 2 | . . . 1 . 1 . . Reactor . | . . . . . . . . Propulsion 35 | 2 1 . 18 . 13 . 1 Treads 30 | 2 1 . 17 . 9 . 1 Leg 2 | . . . . . 2 . . Wheel 2 | . . . . . 2 . . Hover . | . . . . . . . . Flight 1 | . . . 1 . . . . Utility 26 | 1 5 2 8 . 10 . . Device 8 | . 1 1 2 . 4 . . Storage 4 | 1 2 . 1 . . . . Processor 3 | . . . 1 . 2 . . Hackware . | . . . . . . . . Protection 11 | . 2 1 4 . 4 . . Artifact . | . . . . . . . . Weapon 35 | 3 5 5 12 . 8 2 . Energy Gun 2 | 2 . . . . . . . Energy Cannon . | . . . . . . . . Ballistic Gun 22 | 1 3 2 9 . 6 1 . Ballistic Cannon . | . . . . . . . . Launcher 5 | . 1 1 1 . 1 1 . Special Weapon 1 | . . . . . 1 . . Impact Weapon 5 | . 1 2 2 . . . . Slashing Weapon . | . . . . . . . . Piercing Weapon . | . . . . . . . . Special Melee Weapon . | . . . . . . . . Unidentified Prototypes 10 | . . 1 2 . 7 . . Parts Lost 20 | . 3 . 4 . 13 . . Power 3 | . 1 . 1 . 1 . . Propulsion 8 | . 1 . 1 . 6 . . Utility 3 | . . . 1 . 2 . . Weapon 6 | . 1 . 1 . 4 . . Highest Loss Streak 6 | . 2 . 2 . 6 . . To Critical Strikes 7 | . . . . . 7 . . Average Slot Usage (%) 99 | . 98 100 99 100 99 100 . Engine 9 | . 14 14 9 11 6 . . Core 2 | . . . 1 . 4 11 . Treads 28 | . 27 28 32 33 25 33 . Wheel 1 | . . . . . 5 . . Device 1 | . 3 . 3 . . . . Storage 11 | . 14 14 11 11 11 11 . Processor 7 | . . . 8 11 10 11 . Protection 10 | . 9 13 10 11 10 11 . Energy Gun 1 | . 10 . . . . . . Ballistic Gun 19 | . 16 19 21 22 21 14 . Launcher 1 | . . 1 . . . 7 . Impact Weapon 1 | . . 6 . . . . . Naked Turns . | . . . . . . . . Heaviest Build 114 | 11 51 51 99 99 114 113 . Greatest Support 60 | 40 40 40 60 60 60 60 . Greatest Overweight (x) 6 | . 1 1 4 1 6 1 . Average Overweight (x) 1 | . . 1 . 1 3 1 . Largest Inventory Capacity 25 | 8 20 20 25 25 25 25 25 Average Capacity 21 | 7 10 20 22 25 25 25 25 Most Carried 25 | 2 15 13 25 25 25 25 24 Average Carried 18 | 1 6 12 21 25 21 25 24 Final Capacity 25 | 8 20 20 25 25 25 25 25 Final Carried 25 | 2 12 13 25 25 25 25 24 Class Distribution -------------------- 64% | Scavenger-Mutant 35% | Mutant Dominant Class ---------------- Mutant | -10/Materials Mutant | -10/Mines Scavenger-Mutant | -9/Materials Scavenger-Mutant | -9/Mines Scavenger-Mutant | -9/Exiles Scavenger-Mutant | -8/Mines Scavenger-Mutant | -8/Materials Resources | -11 -10 -10 -9 -9 -9 -8 -8 ----------- Run | Jun Mat Min Mat Min Exi Min Mat Matter Collected 2966 | 210 240 182 1315 40 949 30 . Remotely . | . . . . . . . . Salvage Created 3731 | . 558 220 2200 60 633 60 . Parts 287 | . 29 27 137 7 75 12 . Haulers Intercepted 6 | . 1 . 5 . . . . Recyclers Shooed 3 | . 1 . 2 . . . . Parts Field Recycled . | . . . . . . . . Retrieved Matter . | . . . . . . . . Parts Self-Destructed . | . . . . . . . . Prevented . | . . . . . . . . Kills | -11 -10 -10 -9 -9 -9 -8 -8 ------- Run | Jun Mat Min Mat Min Exi Min Mat Combat Hostiles Destroyed 65 | . 12 7 30 4 5 7 . Guns 48 | . 12 3 28 4 1 . . AOE 17 | . . 4 2 . 4 7 . Classes Destroyed 15 | . 4 3 6 . 2 . . Worker 4 | . . 1 3 . . . . Builder 3 | . . . 3 . . . . Tunneler 4 | . . 3 . . . 1 . Hauler 6 | . 1 . 5 . . . . Recycler 6 | . 1 . 5 . . . . Mechanic 1 | . . . 1 . . . . Operator 1 | . . . 1 . . . . Turret 1 | . . . . . 1 . . Watcher 2 | . . . 2 . . . . Swarmer 17 | . 3 3 . 4 . 7 . Grunt 32 | . 9 3 20 . . . . Duelist 1 | . . . 1 . . . . Sentry 9 | . . . 9 . . . . Zionite 8 | . . . . . 8 . . Assembled 5 | . . 1 . . 4 . . Best Kill Streak 8 | . 3 3 6 4 8 4 . Combat Bots Only 4 | . 3 3 4 4 4 4 . Max Kills in Single Turn 4 | . 1 2 2 1 1 4 . Gunslinging . | . . . . . . . . Exploded 4 | . . 2 1 . 1 4 . Melee . | . . . . . . . . Uniques/NPCs Destroyed 4 | . . . . . 4 . . 8R-AWN (-9/Exiles) EX-DEC (-9/Exiles) EX-BIN (-9/Exiles) EX-HEX (-9/Exiles) Combat | -11 -10 -10 -9 -9 -9 -8 -8 -------- Run | Jun Mat Min Mat Min Exi Min Mat Damage Taken 3759 | . 595 192 1163 58 1650 101 . Core 462 | . 75 31 155 . 201 . . Absorbed by Shields . | . . . . . . . . Regen/Repaired (Parts) 76 | . 76 . . . . . . Core Remaining (%) 56 | 100 . 57 . . . 11 . Volleys Fired 313 | . 68 16 118 5 103 3 . Largest 2 | . 2 2 2 2 2 2 . Hottest 70 | . 70 40 46 46 53 46 . Shots Fired 589 | . 131 29 232 10 183 4 . Gun 571 | . 131 26 228 10 174 2 . Cannon . | . . . . . . . . Launcher 14 | . . 3 4 . 5 2 . Special 4 | . . . . . 4 . . Kinetic 510 | . 70 26 228 10 174 2 . Thermal 65 | . 61 . . . 4 . . Explosive 14 | . . 3 4 . 5 2 . Electromagnetic . | . . . . . . . . Robot Hit Streak 25 | . 12 6 25 3 11 6 . Robot Miss Streak 5 | . 3 3 5 1 3 . . Penetration Max 1 | . . . . . 1 . . Secondary Targets 4 | . 2 1 1 . . . . Max Gunslinging Chain 1 | . 1 1 1 . . . . Shots Hit Robots 395 | . 89 16 151 6 130 3 . Core Hits 190 | . 32 16 79 4 49 10 . Critical Kills 1 | . . . 1 . . . . Critical Parts Destroyed 13 | . . 1 4 . 8 . . Critical Strikes 18 | . 3 1 5 . 9 . . Burn 3 | . 3 . . . . . . Destroy 14 | . . . 5 . 9 . . Smash 1 | . . 1 . . . . . Melee Attacks 18 | . 3 12 3 . . . . Impact 18 | . 3 12 3 . . . . Slashing . | . . . . . . . . Piercing . | . . . . . . . . Sneak Attacks 1 | . . 1 . . . . . Combat Hostiles . | . . . . . . . . Follow-up Attacks . | . . . . . . . . Damage Inflicted 6716 | . 899 445 2907 95 2019 351 . Guns 5346 | . 899 190 2382 95 1751 29 . Cannons . | . . . . . . . . Explosions 1252 | . . 180 518 . 258 296 . Melee 75 | . . 75 . . . . . Ramming 40 | . . . 7 . 7 26 . Kinetic 4829 | . 382 190 2382 95 1751 29 . Thermal 559 | . 517 . . . 3 39 . Explosive 1213 | . . 180 518 . 258 257 . Electromagnetic . | . . . . . . . . Impact 75 | . . 75 . . . . . Slashing . | . . . . . . . . Piercing . | . . . . . . . . Highest Corruption . | . . . . . . . . Average Corruption . | . . . . . . . . Corruption Purged . | . . . . . . . . Corruption Blocked . | . . . . . . . . Overload Shots . | . . . . . . . . Overflow Damage 153 | . . 75 78 . . . . Projectiles . | . . . . . . . . Explosions 78 | . . . 78 . . . . Melee 75 | . . 75 . . . . . Knockbacks . | . . . . . . . . Impact . | . . . . . . . . Kinetic . | . . . . . . . . Secondary . | . . . . . . . . Self-Inflicted Damage 81 | . . 64 . . . 17 . Shots 3 | . . 2 . . . 1 . Rammed 8 | . 2 . . . 2 4 . Targets Rammed 9 | . 2 . 1 . 2 4 . Kicked . | . . . . . . . . Crushed 1 | . . . 1 . . . . Highest Temperature 333 | . 333 5 29 . 96 6 . Average Temperature 46 | . 99 2 8 . 26 3 . Received Heat Transfer 861 | . 318 36 498 . 9 . . Effects 1 | . 1 . . . . . . Matter Decay 1 | . 1 . . . . . . Siege Activations . | . . . . . . . . Robots Corrupted . | . . . . . . . . Combat Hostiles . | . . . . . . . . Parts Fried . | . . . . . . . . Impact Corruptions 1 | . . 1 . . . . . Robots Melted . | . . . . . . . . Combat Hostiles . | . . . . . . . . Parts Melted 4 | . 3 . . . . 1 . Heat Transferred 1779 | . 1702 . . . 27 50 . Parts Sabotaged . | . . . . . . . . Parts Stolen . | . . . . . . . . Parts Stripped . | . . . . . . . . Power Chain Reactions . | . . . . . . . . Missiles Intercepted . | . . . . . . . . Alert | -11 -10 -10 -9 -9 -9 -8 -8 ------- Run | Jun Mat Min Mat Min Exi Min Mat Peak Influence 437 | . 185 96 437 224 . 208 22 Initial 134 | . . 1 27 134 . . 22 Average 149 | . 102 26 302 157 . 14 22 Maximum Alert Level 2 | . . . 2 1 . 1 . Low Security (%) 64 | 100 100 100 8 73 . 99 100 Level 1 33 | . . . 84 26 . . . Level 2 2 | . . . 7 . . . . Level 3 . | . . . . . . . . Level 4 . | . . . . . . . . Level 5 . | . . . . . . . . High Security . | . . . . . . . . Max Security . | . . . . . . . . Squads Dispatched 3 | . 2 . 1 . . . . Investigation 1 | . 1 . . . . . . Extermination . | . . . . . . . . Reinforcement 2 | . 1 . 1 . . . . Assault . | . . . . . . . . Garrison . | . . . . . . . . Intercept . | . . . . . . . . Searches Triggered . | . . . . . . . . Construction Impeded . | . . . . . . . . Haulers Reinforced . | . . . . . . . . Active Scanning Responses . | . . . . . . . . Cargo Convoy Interrupts . | . . . . . . . . Stealth | -11 -10 -10 -9 -9 -9 -8 -8 --------- Run | Jun Mat Min Mat Min Exi Min Mat Distress Signals 6 | . . . 6 . . . . Communications Jammed . | . . . . . . . . Distress Signals . | . . . . . . . . Times Spotted 108 | . 24 7 45 4 23 5 . Peak Tracking Total 10 | . 5 3 4 4 10 4 . Tactical Retreats 7 | . . . 1 . 6 . . Traps | -11 -10 -10 -9 -9 -9 -8 -8 ------- Run | Jun Mat Min Mat Min Exi Min Mat Traps Triggered 3 | . 2 . 1 . . . . Indirectly . | . . . . . . . . Trap Hack Attempts . | . . . . . . . . Triggered . | . . . . . . . . Disarmed . | . . . . . . . . Reprogrammed . | . . . . . . . . Reused . | . . . . . . . . Traps Extracted . | . . . . . . . . Installed . | . . . . . . . . Triggered . | . . . . . . . . Exploded 3 | . . . . . 3 . . Machines | -11 -10 -10 -9 -9 -9 -8 -8 ---------- Run | Jun Mat Min Mat Min Exi Min Mat Machines Disabled 22 | . . . 3 . 12 7 . Max in Single Turn 7 | . . . 2 . 1 7 . Machines Repaired . | . . . . . . . . Machines Sabotaged . | . . . . . . . . Overloaded Fab Kills . | . . . . . . . . Hacking | -11 -10 -10 -9 -9 -9 -8 -8 --------- Run | Jun Mat Min Mat Min Exi Min Mat Machines Accessed 14 | . 4 1 7 . 2 . . Terminals 10 | . 3 1 6 . . . . Fabricators . | . . . . . . . . Repair Stations 1 | . 1 . . . . . . Recycling Units . | . . . . . . . . Scanalyzers 1 | . . . 1 . . . . Garrison Access . | . . . . . . . . Total Hacks 33 | . 12 3 16 . 2 . . Successful 12 | . 4 1 5 . 2 . . Failed 20 | . 7 2 11 . . . . Catastrophic 4 | . 2 . 2 . . . . Database Lockouts 1 | . 1 . . . . . . Manual 28 | . 10 3 14 . 1 . . Terminals 27 | . 10 3 14 . . . . Fabricators . | . . . . . . . . Repair Stations 2 | . 2 . . . . . . Recycling Units . | . . . . . . . . Scanalyzers 2 | . . . 2 . . . . Garrison Access . | . . . . . . . . Terminal Hacks 8 | . 2 1 3 . 2 . . Record 1 | . . . . . 1 . . Robot Analysis 3 | . 1 1 1 . . . . Unreport Threat 1 | . . . 1 . . . . Zone Layout 2 | . 1 . 1 . . . . EX-Prototype ID Bank 1 | . . . . . 1 . . Fabricator Hacks . | . . . . . . . . Repair Station Hacks 2 | . 2 . . . . . . Scan Component 1 | . 1 . . . . . . Repair 1 | . 1 . . . . . . Recycling Unit Hacks . | . . . . . . . . Scanalyzer 2 | . . . 2 . . . . Insert Component 1 | . . . 1 . . . . Analyze 1 | . . . 1 . . . . Garrison Access Hacks . | . . . . . . . . Unauthorized Hacks . | . . . . . . . . Terminals . | . . . . . . . . Fabricators . | . . . . . . . . Repair Stations . | . . . . . . . . Recycling Units . | . . . . . . . . Scanalyzers . | . . . . . . . . Garrison Access . | . . . . . . . . Data Cores Recovered . | . . . . . . . . Used . | . . . . . . . . Hacking Detections 11 | . 3 1 7 . . . . Full Trace Events . | . . . . . . . . Feedback Events . | . . . . . . . . Feedback Blocked . | . . . . . . . . Robot Schematics Acquired . | . . . . . . . . Robots Built . | . . . . . . . . Authchips . | . . . . . . . . Time . | . . . . . . . . Total Robot Build Rating . | . . . . . . . . Part Schematics Acquired 1 | . . . 1 . . . . Parts Built . | . . . . . . . . Authchips . | . . . . . . . . Time . | . . . . . . . . Total Part Build Rating . | . . . . . . . . Parts Repaired 1 | . 1 . . . . . . Time 26 | . 26 . . . . . . Parts Recycled . | . . . . . . . . Recycled Matter . | . . . . . . . . Retrieved Matter . | . . . . . . . . Retrieved Components . | . . . . . . . . Parts Scanalyzed 1 | . . . 1 . . . . Part Schematics Acquired 1 | . . . 1 . . . . Parts Damaged . | . . . . . . . . Bothacking | -11 -10 -10 -9 -9 -9 -8 -8 ------------ Run | Jun Mat Min Mat Min Exi Min Mat Used RIF Installer . | . . . . . . . . Robots Hacked . | . . . . . . . . Non-combat . | . . . . . . . . Combat . | . . . . . . . . Robot Hacks Applied . | . . . . . . . . Relay Couplers Released . | . . . . . . . . Fabnet Peak Effective % . | . . . . . . . . Robots Rewired . | . . . . . . . . Allies Hacked . | . . . . . . . . Hacks Repelled . | . . . . . . . . Allies | -11 -10 -10 -9 -9 -9 -8 -8 -------- Run | Jun Mat Min Mat Min Exi Min Mat Total Allies . | . . . . . . . . Largest Group . | . . . . . . . . Highest-Rated Group . | . . . . . . . . Highest-Rated Ally . | . . . . . . . . Total Orders . | . . . . . . . . Ally Attacks . | . . . . . . . . Total Damage . | . . . . . . . . Kills . | . . . . . . . . Allies Corrupted . | . . . . . . . . Allies Melted . | . . . . . . . . Intel | -11 -10 -10 -9 -9 -9 -8 -8 ------- Run | Jun Mat Min Mat Min Exi Min Mat Robot Analysis Total 3 | . 1 1 1 . . . . Derelict Logs Recovered 1 | . . 1 . . . . . Drone Launches . | . . . . . . . . Drone Recoveries . | . . . . . . . . Exploration | -11 -10 -10 -9 -9 -9 -8 -8 ------------- Run | Jun Mat Min Mat Min Exi Min Mat Turns Passed 8808 | 82 1204 1383 2279 207 2818 834 1 Spaces Moved 3585 | 47 535 536 892 81 1154 340 . Core 4 | 4 . . . . . . . Treads 2829 | 43 535 536 892 81 402 340 . Legs 72 | . . . . . 72 . . Wheels 680 | . . . . . 680 . . Hover . | . . . . . . . . Flight . | . . . . . . . . Fastest Speed 50 | 50 160 240 160 240 175 240 . Average Speed 209 | 150 170 240 202 240 209 240 . Slowest Speed 480 | 160 240 240 480 240 480 240 . Overloaded Moves . | . . . . . . . . Propulsion Burnouts . | . . . . . . . . Robots Hopped . | . . . . . . . . Cave-ins Triggered . | . . . . . . . . Exploration Rate (%) 55 | 4 78 92 90 18 85 73 1 Regions Visited 7 Branch Regions 4 Pre-discovered Areas 1 | . . . . . 1 . . Known Exits Taken . | . . . . . . . . Unknown Exits Taken 7 | 1 1 1 1 1 1 1 . Scrap Searched 2 | . . 1 . . . 1 . Spaces Dug 12 | . 1 . 3 . 8 . . Terrain Destroyed 120 | . 1 18 47 . 37 17 . Melee 4 | . 1 . 3 . . . . Projectile 5 | . . . . . 5 . . AOE 109 | . . 18 44 . 30 17 . Terrain Rammed . | . . . . . . . . Walls Destroyed . | . . . . . . . . Machines Disabled . | . . . . . . . . Actions | -11 -10 -10 -9 -9 -9 -8 -8 --------- Run | Jun Mat Min Mat Min Exi Min Mat Total 4320 | 55 703 580 1175 85 1373 348 1 Wait 167 | . 62 9 63 . 33 . . Move 3578 | 46 534 535 891 80 1153 339 . Hop . | . . . . . . . . Pick Up 65 | 2 14 1 27 . 21 . . Fast Attach 27 | 6 3 . 8 . 10 . . Attach 20 | . 2 . 5 . 12 . 1 Detach 9 | . . . 1 . 8 . . Swap 57 | 1 8 7 28 . 11 2 . Drop 57 | . 7 . 30 . 20 . . Fire 313 | . 68 16 118 5 103 3 . Melee 18 | . 3 12 3 . . . . Ram . | . . . . . . . . Kick . | . . . . . . . . Crush 9 | . 2 . 1 . 2 4 . Escape Stasis . | . . . . . . . . Rewire . | . . . . . . . . Trap . | . . . . . . . . Miscellaneous . | . . . . . . . . Route ------- -11/Junkyard -10/Materials (discovered 4 exits: *Mat x3 / *Min) -10/Mines (discovered 2 exits: *Mat x2) -9/Materials (discovered 7 exits: [*Mat x3] / [*Min x2] / *Sto x2) -9/Mines (discovered 2 exits: [*Mat] / *Exi) -9/Exiles -8/Mines -8/Materials History --------- Turn | Location | Event 2 | -11/Junkyard | Met Revision 17 13 | -11/Junkyard | Discovered new exit (range 15) 83 | -11/Junkyard | Entered Materials 303 | -10/Materials | Build established: Mutant 453 | -10/Materials | Central database locked down 598 | -10/Materials | Discovered new exit (range 3) 612 | -10/Materials | Discovered new exit (range 15) 672 | -10/Materials | Discovered new exit (range 16) 843 | -10/Materials | Repaired Lgt. Armor Plating 991 | -10/Materials | Discovered new exit (range 3) 1287 | -10/Materials | Entered Mines 1383 | -10/Mines | Discovered new exit (range 7) 1633 | -10/Mines | Discovered new exit (range 10) 1896 | -10/Mines | Excavation squad dispatched 1896 | -10/Mines | A large section of the Mines collapsed 2109 | -10/Mines | Learned 4 Materials zone layouts 2229 | -10/Mines | Found a hidden stash of uninstalled traps 2407 | -10/Mines | Found a damaged Exp. Sensor Array with a note attached 2412 | -10/Mines | Found Prototype Device 2449 | -10/Mines | Identified Exp. Sensor Array 2670 | -10/Mines | Entered Materials 2670 | -9/Materials | Evolved 2 slots: Propulsion x1, Utility x1 2671 | -9/Materials | Identified exit to Storage 3237 | -9/Materials | Discovered new exit (range 3) 3403 | -9/Materials | Build established: Scavenger-Mutant 3469 | -9/Materials | Discovered new exit (range 17) 3988 | -9/Materials | Discovered new exit (range 4) 4495 | -9/Materials | Discovered new exit (range 9) 4577 | -9/Materials | Discovered exit to Storage (range 15) 4856 | -9/Materials | Discovered new exit (range 13) 4949 | -9/Materials | Entered Mines 5091 | -9/Mines | Discovered new exit (range 10) 5144 | -9/Mines | Deemed a non-threat by the Exiles lab entrance 5147 | -9/Mines | Discovered new exit (range 5) 5156 | -9/Mines | Entered Exiles 5216 | -9/Exiles | Met 8R-AWN 5257 | -9/Exiles | Met EX-HEX 5331 | -9/Exiles | Met EX-DEC 5352 | -9/Exiles | Learned location of Zion (-6) 5606 | -9/Exiles | Met EX-BIN 5743 | -9/Exiles | Discovered new exit (range 14) 5903 | -9/Exiles | Aligned with FarCom system 5905 | -9/Exiles | Given EX-Vault access code 5949 | -9/Exiles | Opened EX-Vault 5962 | -9/Exiles | Found Firepult 5967 | -9/Exiles | Found Cloak of Protection 5970 | -9/Exiles | Found AWS/Thermal 6011 | -9/Exiles | Warned to stay clear of 0b10 Research branches 6535 | -9/Exiles | Attacked by the Exiles 6583 | -9/Exiles | Core integrity fell below 50% 6690 | -9/Exiles | Lost 6 parts (1p2n1u2w) 6706 | -9/Exiles | Core integrity fell below 20% 6779 | -9/Exiles | Destroyed 8R-AWN 6808 | -9/Exiles | Lost 6 parts (4n1u1w) 6841 | -9/Exiles | Found Prototype Device 6841 | -9/Exiles | Identified AS-neutralizer No. 17b 6850 | -9/Exiles | Found Prototype Processor 6850 | -9/Exiles | Identified Exp. Targeting Computer 6857 | -9/Exiles | Found Prototype Ballistic Gun 6858 | -9/Exiles | Identified 8R-AWN's Boregun 7244 | -9/Exiles | Destroyed EX-DEC 7250 | -9/Exiles | Destroyed EX-BIN 7273 | -9/Exiles | Destroyed EX-HEX 7402 | -9/Exiles | Found Deploy-a-Sentry 7420 | -9/Exiles | Found Prototype Device 7420 | -9/Exiles | Identified System Purifier 7974 | -9/Exiles | Stole four prototypes: Cloak of Protection, AWS/Thermal, Firepult, Deploy-a-Sentry 7974 | -9/Exiles | Entered Mines 8774 | -8/Mines | Discovered new exit (range 15) 8808 | -8/Mines | Entered Materials 8808 | -8/Materials | Evolved 2 slots: Propulsion x1, Utility x1 8809 | -8/Materials | Self-destructed Last Messages --------------- 08329_ T-07 Excavator is excavating. 08331_ K-01 Serf collects debris. 08333_ T-07 Excavator is excavating. 08334_ K-01 Serf collects debris. 08337_ T-07 Excavator is excavating. 08337_ K-01 Serf collects debris. 08341_ T-07 Excavator is excavating. 08344_ K-01 Serf collects debris. 08556_ Acquired 21 matter. 08741_ Slammed into T-07 Excavator. 08772_ Plasma Injector explodes. 08772_ S-10 Pest destroyed. 08772_ Plasma Injector explodes. 08772_ S-10 Pest destroyed. 08772_ Plasma Injector explodes. 08774_ EXIT=FOUND 08803_ K-01 Serf collects debris. PARAMETERS=PROPULSION+1,UTILITY+1 LOCATION=UNKNOWN GOAL=ESCAPE Map ----- +----------------------------------------------------+ | | | | | | | | | | | | | | | | | | | | | | | | | | | | | | | | | | | | | | | | | ???????????????????????????????????????????? | | ???????????????????????????????????????????? | | ?????????????????#################?????????? | | ?????????????????# ????????? | | ?????????????????# ????????? | | ?????????????????# @ ????????? | | ?????????????????# ????????? | | ?????????????????####+######+###???????????? | | ???????????????????????????????????????????? | | ???????????????????????????????????????????? | | ???????????????????????????????????????????? | | ???????????????????????????????????????????? | | ???????????????????????????????????????????? | | ???????????????????????????????????????????? | | ???????????????????????????????????????????? | | ???????????????????????????????????????????? | | ???????????????????????????????????????????? | | ???????????????????????????????????????????? | | ???????????????????????????????????????????? | | ???????????????????????????????????????????? | | ???????????????????????????????????????????? | | ???????????????????????????????????????????? | | ???????????????????????????????????????????? | | ???????????????????????????????????????????? | | ???????????????????????????????????????????? | | ???????????????????????????????????????????? | | ???????????????????????????????????????????? | | ???????????????????????????????????????????? | | ???????????????????????????????????????????? | | ???????????????????????????????????????????? | +----------------------------------------------------+ Best States ------------- Heat Dissipation 54 Energy Generation 19 Energy Capacity 310 Matter Stores 300 Matter Capacity 300 Sight Range 16 Robot Scan Range 20 Terrain Scan Density 10 Armor Coverage 150 Evasion (%) 40 Targeting Accuracy 12 Recoil Reduction 3 Salvage Targeting 1 Item Schematics ----------------- Com. Wheel | -9/Materials | Scanalyzed Robot Schematics ------------------ None Fabricated ------------ Nothing Alien Tech Used ----------------- None Achievements -------------- None Challenges ------------ None Game ------ Seed LobotomyMappingCorpse Manual? 0 Play Time 00:30:18 Cumulative 407.4 hours Start 2023.04.12 @ 18:51:22 End 2023.05.20 @ 19:13:35 Sessions 3 Manual Loads 0 Difficulty Rogue Special Mode None Game No. 486 Rogue 399 Adventurer 87 Explorer 0 Win Type - Total 21 Types 7/0/12/1/1/0/0/0/0 Lore% 88 Gallery% 91 Achievement% 73 Wizard Run 0 Options --------- ASCII 0 Keyboard 1 Movement Numpad Keybinds 0 Fullscreen 1 Font 18/SmallcapsGlow Map View 76x50 Tactical HUD 1 Map Filters NONE Filters NONE Steam 1 RUN: aad31225-e583-4de9-aa67-da2d5610a791